Map: Romanticide LE

Players

Cure

  • Race: Terran Terran
  • Spawn Location: 11:00

Neeb - Winner!

  • Race: Protoss Protoss
  • Spawn Location: 5:00

Event: IEM Katowice 2021

VOD

Have the link to the VOD?

Description

Time

  • Played on: Feb. 25, 2021, 10:39 a.m.
  • Length: 18:04

All games in this series

Show
View Real Time Build Order
Export as new Build Order

Cure Terran 

Build Orders:  

Get SALT Encoding   

  12  0:00  SCV  
  13  0:12  SCV  
  14  0:17  Supply Depot  
  14  0:24  SCV  
  15  0:38  SCV  
  15  0:40  Barracks  
  16  0:42  Refinery  
  16  0:51  SCV  
  17  1:03  SCV  
  18  1:15  SCV  
  19  1:27  Marine, Orbital Command  
  20  1:40  Command Center  
  20  1:46  Barracks Reactor  
  21  1:54  SCV  
  21  1:55  Supply Depot  
  21  2:06  SCV  
  22  2:18  SCV  
  22  2:22  Marine x2  
  25  2:27  Command Center  
  25  2:30  SCV  
  26  2:37  Barracks  
  26  2:40  Reaper  
  26  2:42  Marine  
  28  2:44  SCV  
  29  2:53  Orbital Command  
  29  2:57  SCV  
  30  3:00  Marine  
  31  3:09  SCV  
  32  3:13  Marine  
  32  3:17  Marine  
  32  3:19  Engineering Bay  
  34  3:21  SCV  
  34  3:22  SCV  
  34  3:26  Barracks Tech Lab  
  36  3:32  Marine  
  36  3:33  SCV  
  38  3:34  SCV  
  38  3:35  Marine  
  38  3:41  Orbital Command  
  40  3:44  Bunker  
  40  3:45  SCV, Marine, Stimpack  
  40  3:46  SCV  
  40  3:47  Terran Infantry Weapons Level 1  
  43  3:54  Marine x2  
  45  3:57  SCV  
  45  3:58  SCV  
  47  4:07  Factory  
  47  4:08  SCV  
  47  4:09  SCV  
  49  4:10  SCV, Refinery  
  49  4:11  Refinery  
  49  4:16  Marauder  
  52  4:18  Refinery  
  52  4:20  SCV  
  52  4:21  SCV, Marine  
  52  4:22  SCV, Marine  
  57  4:27  Supply Depot  
  57  4:32  Supply Depot  
  57  4:33  SCV x2  
  57  4:34  SCV  
  60  4:40  Barracks  
  60  4:41  Marine  
  61  4:48  Marine, Supply Depot  
  61  4:49  SCV x3, Marauder  
  61  4:52  Starport  
  67  4:53  Factory Reactor  
  67  5:01  SCV x3  
  67  5:04  Marine  
  67  5:06  Marine  
  67  5:07  Supply Depot  
  72  5:08  Orbital Command  
  72  5:10  Marauder  
  72  5:11  Supply Depot  
  74  5:16  Barracks  
  74  5:18  Barracks  
  74  5:20  SCV x2  
  76  5:27  Marine x2  
  77  5:32  Marauder, SCV x2  
  77  5:33  Combat Shield  
  77  5:34  Barracks Tech Lab  
  81  5:37  SCV  
  81  5:42  Terran Infantry Armor Level 1  
  79  5:44  SCV x2  
  79  5:45  Medivac x2  
  79  5:48  Marine x2  
  87  5:51  Factory Reactor  
  87  5:52  SCV  
  87  5:53  Marauder  
  87  5:56  SCV x2  
  92  5:59  Marauder, Supply Depot x2  
  92  6:03  Barracks Tech Lab  
  94  6:05  SCV  
  94  6:06  Marine  
  94  6:08  SCV x2, Marine, Barracks Reactor  
  98  6:14  Marauder  
  98  6:18  SCV  
  101  6:20  Medivac x2, SCV x2  
  101  6:21  Marauder, Supply Depot  
  101  6:22  Supply Depot  
  108  6:29  Marauder, Marine x2  
  108  6:31  Widow Mine x2  
  115  6:34  SCV, Refinery  
  115  6:35  SCV, Refinery  
  117  6:41  Concussive Shells  
  117  6:42  SCV  
  117  6:43  Marauder  
  117  6:46  Supply Depot  
  120  6:48  Marauder, Marine x4  
  120  6:49  Supply Depot  
  120  6:50  Marauder  
  128  6:56  SCV x3, Armory  
  128  6:59  Engineering Bay  
  131  7:07  Marauder, Marine x4  
  136  7:09  Marauder  
  136  7:11  Medivac x2  
  136  7:12  Widow Mine x2  
  145  7:21  Supply Depot  
  145  7:23  Supply Depot  
  145  7:26  Marauder, Marine x2  
  149  7:34  Marine x2  
  149  7:37  Supply Depot x2  
  149  7:42  Terran Infantry Armor Level 2  
  149  7:43  Medivac x2, Marauder, Widow Mine  
  157  7:45  Widow Mine  
  159  7:56  Marauder x2, Marine x2, Terran Infantry Weapons Level 2  
  159  7:58  Marine x2  
  165  8:00  Supply Depot x2  
  165  8:03  Terran Ship Weapons Level 1  
  165  8:05  Marauder  
  169  8:12  Command Center  
  169  8:17  Medivac x2  
  169  8:18  Widow Mine x2  
  177  8:24  Starport  
  177  8:25  Ghost Academy  
  173  8:39  Marauder x3, Marine x4  
  176  8:43  Widow Mine x2  
  176  8:47  Medivac x2  
  182  8:56  Enhanced Shockwaves  
  182  9:01  Missile Turret x2  
  182  9:07  Marauder x2, Marine x5  
  182  9:08  Barracks  
  182  9:09  Barracks  
  191  9:10  Barracks  
  191  9:13  Viking  
  180  9:24  Marine, Ghost  
  180  9:28  Marine x3, Ghost x2  
  179  9:33  Viking x2  
  181  9:41  SCV x2  
  181  9:42  Marine  
  181  9:45  Missile Turret  
  184  9:46  SCV  
  184  9:48  Sensor Tower  
  185  9:53  SCV x2, Planetary Fortress  
  185  9:56  Refinery  
  185  9:57  Refinery  
  185  9:59  Barracks Reactor, Barracks Tech Lab  
  187  10:00  Barracks Tech Lab  
  187  10:03  Fusion Core  
  187  10:10  SCV x3, Missile Turret  
  190  10:16  Terran Infantry Weapons Level 3  
  190  10:24  Ghost  
  192  10:29  Command Center  
  187  10:37  Ghost x2  
  187  10:38  Marauder x2, Marine x4  
  195  10:51  Viking  
  195  10:52  Viking  
  199  11:01  Advanced Ballistics  
  199  11:07  Terran Infantry Armor Level 3  
  199  11:11  Terran Ship Weapons Level 2  
  199  11:12  Missile Turret  
  199  11:14  Command Center  
  192  11:38  Ghost  
  192  11:39  Marine x4, Ghost  
  193  11:40  Marauder x2  
  190  11:47  Liberator x3  
  198  12:04  Command Center, Refinery  
  198  12:05  Refinery, Starport  
  198  12:07  Starport  
  193  12:19  Liberator  
  188  12:25  Planetary Fortress  
  188  12:26  Ghost  
  188  12:28  Orbital Command  
  188  12:30  Liberator x2  
  194  12:40  Marine x2, Ghost  
  200  12:51  Starport Reactor x2  
  198  12:57  Marauder  
  196  13:04  Liberator x2  
  191  13:12  Liberator  
  191  13:13  Liberator, Missile Turret  
  191  13:16  Neosteel Armor, Command Center  
  191  13:17  Orbital Command  
  191  13:19  Command Center  
  195  13:45  Hi-Sec Auto Tracking  
  195  13:47  Liberator x2  
  197  13:49  Marine, Ghost  
  190  13:58  Marine x2  
  190  13:59  Marauder x2, Marine x2  
  190  14:02  Missile Turret  
  198  14:07  Terran Ship Weapons Level 3  
  198  14:37  Ghost x2  
  198  14:38  Marauder x2, Marine x4  
  195  14:40  Orbital Command  
  189  15:00  Liberator, Marine x2, Ghost x2  
  189  15:01  Marauder  
  197  15:09  Orbital Command  
  184  15:16  Marine x2, Ghost x2  
  184  15:17  Marine x2  
  184  15:18  Marine  
  176  15:22  Marauder  
  178  15:28  Marine, Ghost  
  178  15:29  Marauder  
  178  15:33  Sensor Tower  
  178  15:34  Marine  
  178  15:35  Liberator x2  
  190  15:38  Liberator x2  
  190  15:39  Unknown  
  195  15:43  Marauder  
  188  16:01  Marine x2  
  188  16:02  Marauder  
  168  16:09  Liberator x2  
  168  16:10  SCV x2  
  168  16:11  SCV x4  
  174  16:17  Missile Turret  
  174  16:26  Sensor Tower  
  174  16:28  Missile Turret  
  174  16:37  Marine x2  
  174  16:38  Marauder, Marine x4  
  174  16:39  Marauder  
  155  16:42  Orbital Command  
  154  16:47  Missile Turret  
  154  16:48  Liberator  
  154  16:51  SCV x2  
  159  16:57  SCV x2  
  159  16:58  Marine  
  162  17:03  Marauder, Marine  
  165  17:09  Liberator  
  165  17:10  Marine x2, Refinery  
  168  17:20  Marine x4  
  168  17:21  Marauder x2, Marine x2  
  149  17:24  Marine  
  149  17:28  Marine x2  
  112  17:38  Marine x3  
  112  17:39  Marauder, Marine  
  98  17:44  Marine  
Show
View Real Time Build Order
Export as new Build Order

Neeb Protoss - Winner!

Build Orders: 1 Gate Expand, Blink Stalkers 

Get SALT Encoding   

  12  0:00  Probe  
  13  0:12  Probe  
  14  0:17  Pylon  
  14  0:24  Probe (Chrono Boost)  
  16  0:36  Probe (Chrono Boost)  
  16  0:37  Gateway  
  16  0:43  Probe (Chrono Boost)  
  16  0:45  Assimilator  
  17  0:51  Probe  
  18  1:03  Probe  
  19  1:15  Probe  
  20  1:24  Cybernetics Core  
  20  1:34  Nexus  
  20  1:39  Pylon  
  21  1:40  Probe  
  21  1:46  Assimilator  
  21  1:52  Probe (Chrono Boost)  
  22  2:00  Adept (Chrono Boost)  
  22  2:01  Warp Gate  
  24  2:03  Probe (Chrono Boost)  
  25  2:08  Probe (Chrono Boost)  
  26  2:18  Probe  
  26  2:21  Stalker (Chrono Boost)  
  29  2:30  Probe  
  29  2:34  Twilight Council  
  31  2:46  Probe x2 (Chrono Boost)  
  32  2:53  Gateway  
  32  2:55  Probe (Chrono Boost)  
  32  2:58  Probe (Chrono Boost)  
  34  3:00  Probe (Chrono Boost)  
  34  3:05  Blink (Chrono Boost)  
  35  3:06  Probe  
  35  3:12  Probe  
  37  3:18  Robotics Facility, Probe  
  38  3:24  Probe  
  38  3:27  Shield Battery  
  39  3:29  Pylon  
  39  3:31  Probe  
  40  3:36  Probe  
  41  3:43  Probe  
  41  3:48  Probe, Nexus  
  42  3:50  Sentry  
  42  3:55  Stalker, Probe  
  46  3:58  Assimilator  
  46  4:00  Probe  
  49  4:06  Observer  
  49  4:07  Pylon  
  49  4:09  Shield Battery, Probe  
  51  4:17  Stalker  
  51  4:19  Pylon  
  51  4:22  Probe  
  54  4:25  Stalker  
  57  4:34  Pylon, Probe, Immortal (Chrono Boost)  
  61  4:39  Probe  
  61  4:43  Stalker  
  64  4:46  Probe  
  64  4:51  Probe (Chrono Boost)  
  67  5:00  Forge, Probe (Chrono Boost)  
  67  5:03  Probe (Chrono Boost)  
  67  5:04  Assimilator, Probe (Chrono Boost)  
  69  5:07  Assimilator  
  69  5:09  Probe (Chrono Boost)  
  69  5:10  Probe (Chrono Boost)  
  69  5:11  Observer (Chrono Boost)  
  69  5:13  Probe (Chrono Boost)  
  73  5:14  Probe (Chrono Boost)  
  73  5:15  Robotics Bay  
  73  5:16  Pylon  
  73  5:17  Probe  
  75  5:21  Shield Battery  
  75  5:23  Probe  
  75  5:26  Probe  
  77  5:29  Probe  
  77  5:32  Observer (Chrono Boost)  
  77  5:35  Probe  
  80  5:38  Probe  
  80  5:39  Protoss Ground Weapons Level 1 (Chrono Boost)  
  80  5:41  Probe  
  82  5:46  Pylon, Charge  
  82  5:47  Probe  
  82  5:48  Observer  
  84  5:50  Probe  
  84  5:53  Probe  
  84  5:54  Stalker x2  
  90  5:59  Probe  
  90  6:03  Probe  
  92  6:07  Colossus (Chrono Boost)  
  92  6:08  Probe  
  98  6:15  Assimilator  
  98  6:17  Probe x2  
  100  6:19  Gateway  
  100  6:20  Gateway  
  100  6:21  Extended Thermal Lance  
  100  6:24  Gateway  
  100  6:29  Stalker x2  
  100  6:32  Pylon  
  104  6:35  Gateway  
  104  6:36  Gateway  
  104  6:38  Gateway  
  104  6:43  Photon Cannon  
  104  6:45  Pylon  
  104  6:49  Colossus (Chrono Boost)  
  110  6:55  Sentry x2  
  110  6:56  Forge  
  114  7:03  Photon Cannon  
  114  7:10  Nexus  
  114  7:11  Probe x3  
  114  7:13  Pylon  
  117  7:17  Photon Cannon  
  117  7:18  Zealot  
  117  7:19  Zealot x2  
  123  7:23  Templar Archives  
  123  7:24  Probe  
  123  7:33  Probe  
  123  7:35  Protoss Ground Weapons Level 2 (Chrono Boost)  
  124  7:37  Immortal  
  124  7:38  Photon Cannon  
  124  7:40  Shield Battery  
  128  7:45  Protoss Ground Armor Level 1 (Chrono Boost)  
  128  7:46  Zealot x2  
  132  7:51  Photon Cannon  
  132  8:03  Pylon  
  132  8:04  Pylon  
  132  8:06  Pylon  
  132  8:09  Pylon  
  132  8:10  Pylon  
  132  8:11  Probe  
  132  8:12  Pylon  
  133  8:20  Colossus (Chrono Boost)  
  133  8:21  Probe  
  133  8:22  High Templar x4  
  133  8:24  Zealot x4  
  133  8:27  Archon x2  
  156  8:38  Probe  
  149  8:42  Probe, Photon Cannon  
  149  8:45  Shield Battery  
  149  8:46  Stalker x4  
  158  8:54  Probe  
  159  8:59  Robotics Facility  
  159  9:01  Zealot x2, High Templar x2  
  167  9:03  Pylon  
  167  9:05  Archon  
  167  9:07  Warp Prism (Chrono Boost)  
  167  9:09  Pylon  
  169  9:10  Gravitic Drive  
  169  9:14  Dark Shrine  
  169  9:19  Gateway  
  155  9:26  Zealot x2  
  157  9:34  Zealot x5  
  157  9:35  Zealot  
  157  9:37  Gateway x2  
  169  9:39  Protoss Ground Armor Level 2 (Chrono Boost)  
  169  9:40  Gateway  
  169  9:41  Assimilator  
  169  9:42  Protoss Ground Weapons Level 3 (Chrono Boost)  
  169  9:44  Gateway  
  169  9:50  Observer (Chrono Boost)  
  169  9:51  Pylon  
  170  9:57  Observer  
  176  10:11  Colossus (Chrono Boost), Photon Cannon  
  176  10:15  Sentry  
  176  10:18  Photon Cannon  
  177  10:22  Observer  
  177  10:25  Shadow Stride  
  175  10:31  Dark Templar  
  175  10:32  Disruptor (Chrono Boost)  
  168  10:48  Photon Cannon  
  168  10:49  Photon Cannon  
  166  10:50  Shield Battery, Nexus  
  166  10:51  Disruptor (Chrono Boost)  
  166  10:53  High Templar x3  
  166  10:55  Zealot x4, High Templar  
  166  10:56  Zealot x4  
  193  11:00  Archon, Probe x2  
  193  11:01  Archon, Probe  
  193  11:02  Probe  
  196  11:16  Nexus, Disruptor  
  197  11:23  Pylon, Disruptor  
  200  11:27  Nexus  
  200  11:29  Stalker x3, Zealot  
  200  11:30  Zealot x3  
  182  11:47  Zealot x4  
  182  11:48  Zealot x2, Protoss Ground Armor Level 3 (Chrono Boost)  
  194  12:08  Photon Cannon  
  194  12:09  Photon Cannon  
  194  12:11  Pylon  
  194  12:13  Shield Battery  
  193  12:18  Disruptor x2 (Chrono Boost)  
  199  12:30  Assimilator  
  199  12:34  Assimilator  
  199  12:36  Protoss Shields Level 1 (Chrono Boost)  
  189  12:42  Pylon  
  187  12:45  Nexus  
  187  12:50  Gravitic Boosters  
  187  12:57  Pylon  
  187  13:05  Warp Prism, Disruptor  
  173  13:09  Dark Templar x9, Observer  
  173  13:10  Zealot x2  
  173  13:12  Observer  
  200  13:28  Gateway  
  200  13:29  Gateway  
  200  13:34  Gateway  
  200  13:37  Gateway  
  200  13:39  Gateway  
  200  13:41  Gateway  
  180  13:58  Stalker x6  
  180  13:59  Stalker  
  180  14:02  Zealot x3  
  200  14:24  Photon Cannon  
  200  14:26  Photon Cannon  
  200  14:29  Photon Cannon  
  200  14:31  Photon Cannon  
  200  14:33  Shield Battery  
  170  14:56  Stalker  
  170  14:57  Stalker x3, Zealot x4  
  170  14:58  Zealot x5  
  184  15:33  Probe x5  
  189  15:35  Nexus  
  189  15:38  Pylon, Photon Cannon  
  189  15:40  Photon Cannon x2  
  189  15:45  Probe x4  
  189  15:46  Probe  
  186  15:57  Probe x3  
  166  16:12  Zealot  
  166  16:13  Zealot x11  
  166  16:14  Zealot x5  
  200  16:38  Nexus  
  164  16:46  Stalker x5, Zealot x8  
  164  16:47  Zealot x5  
  184  16:54  Pylon  
  184  16:56  Archon  
  184  16:57  Archon  
  184  17:01  Stalker  
  184  17:07  Stalker x7  
  138  17:33  Zealot x10  
  138  17:34  Zealot x6  

Tags
 
Add a new tag
Caveats
  • Supply blocks, unpowered buildings, or Contaminate may cause inaccurate times.
  • Supply counts are checked every 10 seconds.